 Dungeon Crawl Stone Soup version 0.20-a0-1026-gc3ddcbd (webtiles) character file.

112 JeffiDaFish the Shield-Bearer (level 4, -5/28 HPs)
             Began as a Gargoyle Fighter on Apr 20, 2017.
             Killed by divine providence
             ... invoked by an orc priest
              (9 damage)
             ... on level 3 of the Dungeon.
             The game lasted 00:03:16 (2102 turns).

JeffiDaFish the Shield-Bearer (Gargoyle Fighter)    Turns: 2102, Time: 00:03:17

Health: -5/28      AC: 14    Str: 20    XL:     4   Next: 95%
Magic:  4/4        EV:  5    Int:  8    God:
Gold:   65         SH:  9    Dex: 10    Spells: 3/3 levels left

rFire    . . .     SeeInvis .   a - +0 flail
rCold    . . .     Gourm    .   c - +0 shield
rNeg     + . .     Faith    .   e - +0 chain mail
rPois    ∞         Spirit   .   (no helmet)
rElec    +         Reflect  .   b - +0 cloak
rCorr    .         Harm     .   (no gloves)
MR       .....                  (no boots)
Stlth    ..........             (no amulet)
Regen    0.1/turn               (no ring)
MPRegen  0.1/turn               (no ring)

@: no status effects
A: negative energy resistance 1, electricity resistance, unbreathing,
petrification resistance, rot immunity, AC +3
a: no special abilities


You were on level 3 of the Dungeon.
You were hungry.

You visited 1 branch of the dungeon, and saw 3 of its levels.

You collected 65 gold pieces.

Inventory:

Hand Weapons
 a - a +0 flail (weapon)
Armour
 b - a +0 cloak (worn)
 c - a +0 shield (worn)
 e - a +0 chain mail (worn)
Scrolls
 i - a scroll of identify
Potions
 d - 2 potions of might
 h - a potion of brilliance
Comestibles
 f - 3 bread rations


   Skills:
 + Level 3.6 Fighting
 + Level 3.6 Maces & Flails
 + Level 3.7 Armour
 + Level 0.4 Dodging
 + Level 4.1 Shields


You had 3 spell levels left.
You didn't know any spells.

Dungeon Overview and Level Annotations

Branches:
Dungeon (3/15)

Altars:


Innate Abilities, Weirdness & Mutations

You are resistant to torment.
Your stone body is resilient. (AC +3)
You are immune to poison.
You resist negative energy. (rN+)
You are resistant to electric shocks. (rElec)
You can survive without breathing.
You are immune to petrification.
You are immune to rotting.


Message History

You are too injured to fight recklessly!
You are too injured to fight recklessly!
Okay, then.
You hit the orc priest.
The orc priest is moderately wounded.
The orc hits you but does no damage.
The orc priest hits you with an enchanted war axe.
* * * LOW HITPOINT WARNING * * *
You hit the orc priest.
The orc priest is heavily wounded.
The orc hits you but does no damage.
The orc priest hits you but does no damage.
The orc priest calls upon Beogh to heal the orc priest.
The orc priest is healed somewhat.
You hit the orc priest but do no damage.
The orc priest is lightly wounded.
The orc hits you but does no damage. You block the orc priest's attack.
The orc priest invokes the aid of Beogh against you.
Beogh smites you!
You die...

#.# #.# .# #.# .####
#.# .#.. #.# ...# #.#
...# #.# o..#
#.##############oo.##.#
#..............@oo.....
#################..##.#
!.# .# .# #


You could see 2 orc priests and 3 orcs.

Vanquished Creatures
  4 adders
  An ooze (D:2)
  3 worms (D:2)
  4 dart slugs
  2 leopard geckos
  5 bats
  A giant cockroach (D:2)
  4 goblins
  8 hobgoblins
  6 jackals (D:1)
  8 kobolds
  A ball python (D:2)
  5 frilled lizards
  A rat (D:1)
  3 plants (D:1)
56 creatures vanquished.

Vanquished Creatures (others)
  A plant (D:1)
1 creature vanquished.

Grand Total: 57 creatures vanquished

Notes
Turn   | Place    | Note
-------+----------+-------------------------------------------
     0 | D:1      | JeffiDaFish the Gargoyle Fighter began the quest for the Orb.
     0 | D:1      | Reached XP level 1. HP: 14/14 MP: 1/1
   126 | D:1      | Reached XP level 2. HP: 19/19 MP: 2/2
   316 | D:1      | Reached XP level 3. HP: 23/23 MP: 3/3
  1383 | D:2      | Reached XP level 4. HP: 28/28 MP: 4/4
  1493 | D:2      | Reached skill level 4 in Shields
  2102 | D:3      | Killed from afar by an orc priest

Vault maps used:
D:1:      roderic_crop_circles_arrival_small
D:2:      first_bread
D:3:      uniq_crazy_yiuf_cottage, uniq_ijyb

Skill      XL: |  1  2  3  4 |
---------------+-------------+-----
Maces & Flails | 3 |  3.6
Shields        | 4 |  4.1
Fighting       | |  3.6
Armour         | |  3.7
Dodging        | |  0.4

Action                   |  1- 3 |  4- 6 || total
-------------------------+-------+-------++-------
Melee: Flail             |   221 |    92 ||   313
  Use: Potion            |     2 |     1 ||     3
       Scroll            |     2 |     1 ||     3
 Stab: Invisible         |       |     1 ||     1
  Eat: Chunk             |     2 |     2 ||     4
Armor: Scale mail        |    25 |       ||    25
       Chain mail        |    45 |    79 ||   124
Dodge: Dodged            |    42 |    28 ||    70
Block: Shield            |    79 |    55 ||   134
